 Dungeon Crawl Stone Soup version 0.24-a0-639-gb70a11d811 (webtiles) character file.

Game seed: 14156029586925999243, levelgen mode: deterministic

270 Toftenius the Conjurer (level 6, -4/43 HPs)
             Began as a Human Conjurer on Sept 22, 2019.
             Slain by a worker ant (6 damage)
             ... on level 3 of the Dungeon.
             The game lasted 01:05:02 (3222 turns).

Toftenius the Conjurer (Human Conjurer)             Turns: 3222, Time: 01:05:03

Health: -4/43      AC: 11    Str: 15    XL:     6   Next: 47%
Magic:  10/10      EV:  7    Int: 17    God:
Gold:   169        SH:  0    Dex: 16    Spells: 9/10 levels left

rFire    . . .     SeeInvis .   t - +0 falchion
rCold    . . .     Gourm    .   (no shield)
rNeg     . . .     Faith    .   H - +2 chain mail
rPois    .         Spirit   .   (no helmet)
rElec    .         Reflect  .   (no cloak)
rCorr    .         Harm     .   I - +0 pair of gloves
MR       .....                  (no boots)
Stlth    ..........             q - amulet of regeneration
HPRegen  0.54/turn              b - +6 ring of strength
MPRegen  0.12/turn              o - +3 ring of dexterity

@: lethally poisoned (-4 -> -5)
A: no striking features
a: no special abilities


You were on level 3 of the Dungeon.
You were not hungry.

You visited 1 branch of the dungeon, and saw 4 of its levels.

You collected 169 gold pieces.

Inventory:

Hand Weapons
 e - a +0 club
 f - a +0 dagger
 i - a +0 dagger
 l - a +0 hunting sling
 m - a +0 club
 n - a +0 hand axe
 t - a +0 falchion (weapon)
 u - a +0 falchion
 v - a +0 hunting sling
 w - a +0 short sword
 y - a +0 club
 A - a +0 spear
Missiles
 c - 42 arrows
 s - 24 stones (quivered)
 E - 26 bolts
Armour
 a - a +0 robe
 d - a +0 leather armour
 H - a +2 chain mail (worn)
 I - a +0 pair of gloves (worn)
Jewellery
 b - a +6 ring of strength (left hand)
 o - a +3 ring of dexterity (right hand)
 q - an amulet of regeneration (around neck)
Scrolls
 h - a scroll of fog
 p - a scroll of immolation
 r - a scroll of amnesia
 D - a scroll of teleportation {unknown}
 G - 2 scrolls of remove curse {unknown}
 K - a scroll of random uselessness {unknown}
Potions
 g - a potion of haste
 j - 2 potions of degeneration
 x - a potion of ambrosia {unknown}
 z - a potion of resistance {unknown}
 B - a potion of heal wounds {unknown}
 C - a potion of cancellation {unknown}
 J - a potion of curing {unknown}
Comestibles
 k - 5 rations


   Skills:
 + Level 1.6 Fighting
 + Level 2.3 Long Blades
 + Level 0.3 Slings
 + Level 2.2 Armour
 + Level 2.6 Dodging
 + Level 2.3 Stealth
 + Level 0.5 Unarmed Combat
 + Level 2.8 Spellcasting
 + Level 4.8 Conjurations


You had 9 spell levels left.
You knew the following spells:

 Your Spells              Type           Power        Failure   Level  Hunger
a - Magic Dart            Conj           ###.         47%         1    #......

Your spell library contained the following spells:

 Spells                   Type           Power        Failure   Level  Hunger
 Searing Ray              Conj           ###...       63%         2    ##.....
 Dazzling Spray           Conj/Hex       ##....       99%         3    ###....
 Iskenderun's Mystic Bla  Conj           ###.....     99%         4    #####..
 Force Lance              Conj/Tloc      ##......     100%        4    #####..
 Fulminant Prism          Conj/Hex       ##........   100%        4    #####..


Dungeon Overview and Level Annotations

Branches:
Dungeon (4/15)
 Temple: D:4-7

Altars:
Fedhas
Ru
Trog
Uskayaw
Xom

Shops:
D:4 [


Message History

The worker ant bites you but does no damage.
You completely miss the worker ant.
The worker ant is heavily wounded.
* * * LOW HITPOINT WARNING * * *
You feel sick.
The worker ant bites you but does no damage.
Unknown command.
You barely miss the worker ant.
The worker ant is heavily wounded.
* * * LOW HITPOINT WARNING * * *
You feel sick. The worker ant closely misses you.
Your chain mail prevents you from hitting the worker ant.
The worker ant is heavily wounded.
* * * LOW HITPOINT WARNING * * *
You feel sick.
The worker ant bites you but does no damage. x2
You hit the worker ant but do no damage.
The worker ant is heavily wounded.
The worker ant bites you.
You die...

#.# #.# ############## #.# #.#
#............# #.###.###
#............# #.#...... ###
#............# #.#.#.###
..####............# #.#.#.# #
.....[............# #.# #.# #
..####............## #.# #.# #
..##.......>...a@..## #.# #.# #
..##...#....[.......# #.# #.# #
..##...#...[........# #.# #.# #
..##...#............#####.# # #
####...#..................# #. #
#...#............#.##### #.###
#####............#..# ...#
#######.....###...........#####.#
................####.####........


You could see a worker ant.

Vanquished Creatures
  A crimson imp (D:3)
  2 orc wizards (D:3)
  7 adders
  A river rat (D:3)
  An ooze (D:3)
  6 worms
  3 dart slugs
  2 leopard geckos
  4 orcs
  2 giant cockroaches
  11 hobgoblins
  9 jackals
  A quokka (D:2)
  2 ball pythons
  2 bats
  9 frilled lizards
  6 goblins
  8 kobolds
  12 rats
89 creatures vanquished.

Notes
Turn   | Place    | Note
-------+----------+-------------------------------------------
     0 | D:1      | Toftenius the Human Conjurer began the quest for the Orb.
     0 | D:1      | Reached XP level 1. HP: 13/13 MP: 3/3
   140 | D:1      | Reached XP level 2. HP: 3/19 MP: 0/5
   678 | D:1      | Reached XP level 3. HP: 24/24 MP: 4/6
   942 | D:2      | Reached XP level 4. HP: 31/31 MP: 3/7
  1679 | D:3      | Reached XP level 5. HP: 36/36 MP: 5/8
  1737 | D:3      | Reached skill level 1 in Armour
  1738 | D:3      | Found a shimmering altar of Xom.
  1742 | D:3      | Found a shimmering altar of Xom.
  1742 | D:3      | Found a shimmering altar of Xom.
  1742 | D:3      | Found a shimmering altar of Xom.
  1742 | D:3      | Found a shimmering altar of Xom.
  1746 | D:3      | Found a shimmering altar of Xom.
  1746 | D:3      | Found a shimmering altar of Xom.
  1746 | D:3      | Noticed a hippogriff
  1926 | D:3      | Reached skill level 1 in Long Blades
  2147 | D:3      | Found a blossoming altar of Fedhas.
  2153 | D:3      | Reached skill level 1 in Fighting
  2360 | D:3      | Reached XP level 6. HP: 39/43 MP: 8/10
  2628 | D:3      | Found a bloodstained altar of Trog.
  2628 | D:3      | Found a hide-covered altar of Uskayaw.
  2628 | D:3      | Found a sacrificial altar of Ru.
  2916 | D:4      | Found Omyle's Armour Shoppe.
  3218 | D:3      | HP: 2/43 [worker ant (5)]
  3222 | D:3      | Slain by a worker ant

Levels and vault maps discovered:
D:1:      dpeg_arrival_houses_and_road, layout_loops_cross,
          palyth_stone_intersect
D:2:      layout_loops_ring
D:3:      layout_basic, old_standard_altar, nicolae_xom_altar_mimics,
          chequers_temple_overflow_statue_of_worship, first_ration,
          lightli_sewer_entry_pipes, chequers_serial_rivers_small_b
D:4:      layout_gridville, serial_shops,
          nicolae_shop_competitors_out_of_business

Skill      XL: |  1  2  3  4  5  6 |
---------------+-------------------+-----
Armour         | 1 2 |  2.2
Long Blades    | 2 |  2.3
Fighting       | 1 |  1.6
Slings         | |  0.3
Dodging        | |  2.6
Stealth        | |  2.3
Unarmed Combat | |  0.5
Spellcasting   | |  2.8
Conjurations   | |  4.8

Action                   |  1- 3 |  4- 6 || total
-------------------------+-------+-------++-------
Melee: Unarmed           |    33 |       ||    33
       Dagger            |    12 |       ||    12
       Falchion          |     9 |   292 ||   301
 Fire: Hunting sling     |       |     6 ||     6
 Cast: Magic Dart        |    50 |    66 ||   116
  Use: Scroll            |     3 |     5 ||     8
 Stab: Sleeping          |     1 |     1 ||     2
  Eat: Ration            |     1 |     2 ||     3
Armor: Robe              |     1 |       ||     1
       Leather armour    |     3 |    30 ||    33
       Chain mail        |       |    92 ||    92
Dodge: Dodged            |    31 |   155 ||   186
       Rpst.: Falchion   |     3 |    49 ||    52

Table legend:
 A = Non-vault XP
 B = Vault XP
 C = Vault XP percentage of total XP
 D = Non-vault monster count
 E = Vault monster count
 F = Vault count percentage of total count
                 A         B        C        D         E       F
            +---------+---------+-------+---------+---------+-------
      Total |     319 |      68 |  17.6 |      78 |      11 |  12.4
            +---------+---------+-------+---------+---------+-------
        D:1 |      38 |       0 |   0.0 |      23 |       0 |   0.0
        D:2 |      82 |      13 |  13.7 |      25 |       1 |   3.8
        D:3 |     196 |      55 |  21.9 |      29 |      10 |  25.6
        D:4 |       3 |       0 |   0.0 |       1 |       0 |   0.0
            +---------+---------+-------+---------+---------+-------
